 Dungeon Crawl Stone Soup version 0.19.5 (webtiles) character file.

921 LORDOFBUTT the Blocker (level 8, -2/58 HPs)
             Began as a Formicid Fighter on Mar 6, 2017.
             Slain by an ogre
             ... wielding a +0 giant spiked club
              (31 damage)
             ... on level 6 of the Dungeon.
             The game lasted 00:05:40 (4648 turns).

LORDOFBUTT the Blocker (Formicid Fighter)           Turns: 4648, Time: 00:05:42

Health: -2/58      AC:  8    Str: 20    XL:     8   Next: 31%
Magic:  8/8        EV:  9    Int:  9    God:
Gold:   276        SH: 11    Dex: 12    Spells: 0 memorised, 7 levels left

rFire  . . .     SeeInvis +     a - +0 war axe
rCold  . . .     Gourm    .     b - +0 scale mail
rNeg   . . .     Faith    .     c - +0 shield
rPois  .         Spirit   .     (helmet unavailable)
rElec  .         Reflect  .     (no cloak)
rCorr  .         Harm     .     v - +0 pair of gloves
MR     .....                    (no boots)
Stlth  ..........               (no amulet)
                                (no ring)
                                k - ring of teleportation (curse)

@: no status effects
A: permanent stasis, dig shafts and tunnels, four strong arms, antennae 3
a: Dig, Shaft Self


You were on level 6 of the Dungeon.
You were not hungry.

You visited 1 branch of the dungeon, and saw 6 of its levels.

You collected 276 gold pieces.

Inventory:

Hand Weapons
 a - a +0 war axe (weapon)
Armour
 b - a +0 scale mail (worn)
 c - a +0 shield (worn)
 v - a +0 pair of gloves (worn)
Jewellery
 k - a cursed ring of teleportation (left hand)
Wands
 p - a wand of polymorph (4/24)
 y - a wand of flame (31/48)
Scrolls
 e - 4 scrolls of identify
 i - a scroll of recharging {unknown}
 l - 4 scrolls of magic mapping
 o - 3 scrolls of teleportation
 t - a scroll of noise {unknown}
 z - a scroll of remove curse {unknown}
 A - a scroll of enchant armour {unknown}
 B - a scroll of enchant weapon {unknown}
Potions
 d - a potion of degeneration {unknown}
 j - 2 potions of agility
 n - 2 potions of lignification
 r - 2 potions of brilliance
 s - 3 potions of curing
 u - a potion of heal wounds
 w - a potion of resistance {unknown}
 x - a potion of mutation {unknown}
Comestibles
 f - 4 bread rations
 g - 4 meat rations
 h - 4 beef jerkies
 m - a slice of pizza
 q - 4 fruits
 C - a chunk of flesh


   Skills:
 - Level 3.2 Fighting
 + Level 6.1 Axes
 - Level 3.2 Armour
 - Level 9.0 Shields


You had 7 spell levels left.
You didn't know any spells.

Dungeon Overview and Level Annotations

Branches:
Dungeon (6/15)
 Temple: D:4-7

Altars:
Elyvilon
Makhleb
Nemelex Xobeh
Okawaru
Qazlal
Vehumet

Shops:
D:6 [


Innate Abilities, Weirdness & Mutations

You are under a permanent stasis effect.
You can dig through walls and to a lower floor.
Your four strong arms can wield two-handed weapons with a shield.
You have a pair of large antennae on your head. (SInv)


Message History

You start eating one of the 2 chunks of flesh.
This raw flesh tastes terrible.
You feel sick.
You feel sick.
An ogre and a zombie come into view.
The ogre shouts!
There are monsters nearby!
There are monsters nearby!
You feel sick. The ogre misses you.
You completely miss the ogre. You block the ogre's attack.
You hit the ogre but do no damage.
The ogre hits you with a giant spiked club.
You slash the ogre!
The ogre is heavily wounded.
You feel sick.
You are no longer poisoned.
The ogre hits you with a giant spiked club!!
Ouch! That really hurt!
You die...

.# #.. ... ..##..# ....
...#...####......
..................
...........................
...................#.......
...............O...#...Z...
................@.Z#..P...#
.....................P∩..#
...................$.P.P.#
......# #................#
...>..###....<.....#####...
......##...####.....#....
...<.....#.##............
......#..................
......##...#......<.......


You could see an ogre and a leopard gecko zombie.

Vanquished Creatures
  The ghost of drayab the Chopper, an amateur HOSk (D:3)
  A scorpion (D:6)
  A howler monkey (D:4)
  A centaur zombie (D:5)
  A crimson imp (D:5)
  A bullfrog zombie (D:6)
  A hound (D:4)
  3 orc priests
  3 bullfrog skeletons
  Jessica (D:3)
  5 orc wizards
  2 worker ants
  A worker ant zombie (D:4)
  7 adders
  2 shadow imps (D:5)
  An ooze (D:3)
  8 worms
  A dart slug (D:4)
  6 leopard geckos
  20 orcs
  5 bats
  9 giant cockroaches
  6 goblins
  A hobgoblin (D:2)
  7 jackals
  7 kobolds
  A quokka (D:4)
  2 ball pythons (D:5)
  A ball python skeleton (D:5)
  3 frilled lizards (D:1)
  A leopard gecko skeleton (D:4)
  A quokka zombie (D:5)
  10 rats
121 creatures vanquished.

Notes
Turn   | Place    | Note
-------+----------+-------------------------------------------
     0 | D:1      | LORDOFBUTT the Formicid Fighter began the quest for the Orb.
     0 | D:1      | Reached XP level 1. HP: 18/18 MP: 1/1
   151 | D:1      | Reached skill level 4 in Shields
   162 | D:1      | Reached XP level 2. HP: 18/24 MP: 2/2
   527 | D:1      | You fall through a shaft!
   579 | D:2      | Reached XP level 3. HP: 23/29 MP: 3/3
   645 | D:2      | Reached skill level 5 in Shields
   961 | D:2      | Reached XP level 4. HP: 35/35 MP: 4/4
  1665 | D:2      | Reached XP level 5. HP: 41/41 MP: 5/5
  1856 | D:3      | Found an iron altar of Okawaru.
  1924 | D:3      | Noticed drayab's ghost (amateur HOSk)
  1933 | D:3      | Killed drayab's ghost
  1933 | D:3      | Reached skill level 6 in Shields
  1933 | D:3      | Reached XP level 6. HP: 27/47 MP: 6/6
  1948 | D:3      | Found a sparkling altar of Nemelex Xobeh.
  2332 | D:3      | Reached skill level 7 in Shields
  2351 | D:3      | Noticed Jessica
  2355 | D:3      | Killed Jessica
  2447 | D:3      | Found a radiant altar of Vehumet.
  2447 | D:3      | Found a stormy altar of Qazlal.
  2778 | D:4      | Found a burning altar of Makhleb.
  2860 | D:4      | Reached XP level 7. HP: 40/52 MP: 7/7
  3169 | D:4      | Reached skill level 8 in Shields
  3459 | D:5      | Entered Level 5 of the Dungeon
  3891 | D:5      | Found a white marble altar of Elyvilon.
  3927 | D:5      | Reached skill level 5 in Axes
  3937 | D:5      | Reached XP level 8. HP: 52/58 MP: 8/8
  4013 | D:5      | Reached skill level 9 in Shields
  4602 | D:6      | Found Tiulo's Antique Armour Shop.
  4648 | D:6      | Slain by an ogre

Skill      XL: |  1  2  3  4  5  6  7  8 |
---------------+-------------------------+-----
Shields        | 4 5 6 7 8 9 |  9.0
Axes           | 3 4 5 6 |  6.1
Fighting       | |  3.2
Armour         | |  3.2

Action                   |  1- 3 |  4- 6 |  7- 9 || total
-------------------------+-------+-------+-------++-------
Melee: War axe           |   107 |   193 |   196 ||   496
 Abil: Dig               |     1 |       |       ||     1
  Use: Potion            |       |     2 |       ||     2
       Scroll            |       |       |     6 ||     6
  Eat: Chunk             |       |     7 |     6 ||    13
Armor: Scale mail        |    48 |    70 |    50 ||   168
Dodge: Dodged            |    34 |    63 |    62 ||   159
Block: Shield            |    70 |   126 |    93 ||   289
